 Dungeon Crawl Stone Soup version 0.21.1-1-g345015f (webtiles) character file.

618 doot the Sneak (level 7, -2/62 HPs)
             Began as a Naga Warper on June 11, 2018.
             Was an Initiate of Nemelex Xobeh.
             Slain by an ice beast (6 damage)
             ... on level 5 of the Dungeon.
             The game lasted 00:20:27 (6280 turns).

doot the Sneak (Naga Warper)                        Turns: 6280, Time: 00:20:28

Health: -2/62      AC:  4    Str: 16      XL:     7   Next: 45%
Magic:  11/11      EV: 13    Int: 18      God:    Nemelex Xobeh [......]
Gold:   242        SH:  0    Dex:  8 (11) Spells: 1/11 levels left

rFire    . . .     SeeInvis +   h - +2 short sword (flame)
rCold    . . .     Gourm    .   (no shield)
rNeg     . . .     Faith    .   b - +0 leather armour
rPois    +         Spirit   .   (no helmet)
rElec    .         Reflect  .   (no cloak)
rCorr    .         Harm     .   (no gloves)
MR       .....                  (no barding)
Stlth    ++........             (no amulet)
HPRegen  0.20/turn              x - ring of Omunwo {Wiz Str+3 Int+3}
MPRegen  0.12/turn              w - +3 ring of evasion

@: short of breath, very slow
A: large, see invisible, deformed body, poison resistance, slowness 2, slow
metabolism 1, spit poison 1, AC +2
a: Spit Poison, Renounce Religion


You were on level 5 of the Dungeon.
You worshipped Nemelex Xobeh.
Nemelex Xobeh was noncommittal.
You were very hungry.

You visited 1 branch of the dungeon, and saw 5 of its levels.

You collected 242 gold pieces.

Inventory:

Hand Weapons
 a - a +0 mace
 h - a +2 short sword of flaming (weapon)
 n - a +1 mace of protection
Missiles
 o - 5 javelins (quivered)
 y - 4 poisoned needles
Armour
 b - a +0 leather armour (worn)
Jewellery
 q - a +2 ring of dexterity
 w - a +3 ring of evasion (right hand)
 x - the ring of Omunwo (left hand) {Wiz Str+3 Int+3}
   (You found it on level 4 of the Dungeon)

   [ring of wizardry]

   It improves your spell success rate.
   It affects your strength (+3).
   It affects your intelligence (+3).
Wands
 t - a wand of random effects (6)
 u - a wand of iceblast (7)
Scrolls
 e - 2 scrolls of enchant weapon {unknown}
 g - 3 scrolls of remove curse {unknown}
 i - 4 scrolls of identify
 j - a scroll of immolation {unknown}
 l - 3 scrolls of amnesia
 m - 3 scrolls of teleportation {unknown}
 s - a scroll of fear {unknown}
Potions
 d - a potion of lignification {unknown}
 k - 2 potions of heal wounds
 r - a potion of brilliance
 z - a potion of flight
Books
 c - a book of Spatial Translocations

   Spells                             Type                      Level
   a - Blink                          Translocation                2
   b - Shroud of Golubria             Charms/Translocation         2
   c - Lesser Beckoning               Translocation                3
   d - Gell's Gravitas                Translocation                3
   e - Teleport Other                 Translocation                3
   f - Passage of Golubria            Translocation                4
 v - a book of Maledictions

   Spells                             Type                      Level
   a - Corona                         Hexes                        1
   b - Ensorcelled Hibernation        Hexes/Ice                    2
   c - Confuse                        Hexes                        3
   d - Tukima's Dance                 Hexes                        3
   e - Dazzling Spray                 Conjuration/Hexes            3
Comestibles
 f - 4 rations


   Skills:
 + Level 3.2 Fighting
 + Level 3.0 Short Blades
 + Level 2.2 Maces & Flails
 + Level 1.4 Throwing
 + Level 3.1 Armour
 + Level 2.7 Dodging
 + Level 3.7 Stealth
 + Level 2.8 Spellcasting
 + Level 0.3 Charms
 + Level 3.5 Translocations


You had one spell level left.
You knew the following spells:

 Your Spells              Type           Power        Failure   Level  Hunger
a - Blink                 Tloc           N/A          2%          2    ##.....
b - Shroud of Golubria    Chrm/Tloc      #.........   6%          2    ##.....
c - Gell's Gravitas       Tloc           ###.......   6%          3    ###....
d - Teleport Other        Tloc           ###.....     6%          3    ###....


Dungeon Overview and Level Annotations

Branches:
Dungeon (5/15)
 Temple: D:4-7

Altars:
Dithmenos
Makhleb
Nemelex Xobeh
Qazlal
Trog
Vehumet

Annotations:
D:1 1 runed door
D:4 Babolexy's ghost, amateur HOGl
D:5 inc's ghost, novice OpCj


Innate Abilities, Weirdness & Mutations

You cannot wear boots.
Your serpentine skin is tough. (AC +2)
You have supernaturally acute eyesight. (SInv)
Armour fits poorly on your strangely shaped body.
Your system is resistant to poisons. (rPois)
You cover ground very slowly.
You have a slow metabolism.
You can spit poison.


Message History

The ice beast misses you.
You closely miss the ice beast.
The ice beast is almost dead.
The ice beast hits you. The ice beast freezes you!
You hit the ice beast.
You melt the ice beast.
The ice beast is almost dead.
The ice beast hits you.
* * * LOW HITPOINT WARNING * * *
The ice beast freezes you!
* * * LOW HITPOINT WARNING * * *
Press: ? - help, Shift-Dir - straight line, f/p - ice beast
Aim: an ice beast (almost dead)
The splash of poison hits the ice beast.
The ice beast completely resists.
The ice beast is almost dead.
You feel slightly more hungry. The ice beast hits you.
* * * LOW HITPOINT WARNING * * *
The ice beast freezes you.
You die...
Your body disappears without a glow.

#....#.....<.
#.####.####...>........
........##...###......
...$...##...# #######
......###### .....
#...# ##### ... #...#
#.... #.# #...# ##....
#@# #...# .Y.... #Y#
#...## .#....
#.####...<# ####.
#.........# #.
######....# #. #....#
.. #####......#.
..#'#..# ..+


You could see an ice beast.

Vanquished Creatures
  The ghost of kae the Ruffian, an amateur NaTm (D:3)
  A sky beast (D:2)
  2 scorpions (D:4)
  A centaur zombie (D:5)
  A bullfrog skeleton (D:4)
  3 worker ants
  A killer bee zombie (D:5)
  8 adders
  An ooze (D:3)
  A dart slug (D:2)
  2 leopard geckos
  7 orcs
  3 giant cockroaches
  2 hobgoblins
  6 jackals
  10 kobolds
  2 ball pythons (D:3)
  A ball python skeleton (D:4)
  7 bats
  5 frilled lizards
  7 goblins
  5 rats
77 creatures vanquished.

Notes
Turn   | Place    | Note
-------+----------+-------------------------------------------
     0 | D:1      | doot the Naga Warper began the quest for the Orb.
     0 | D:1      | Reached XP level 1. HP: 19/19 MP: 3/3
     1 | D:1      | Found a runed door.
   410 | D:1      | Reached skill level 1 in Armour
   674 | D:1      | Reached XP level 2. HP: 26/26 MP: 5/5
  1120 | D:1      | Reached XP level 3. HP: 21/32 MP: 6/6
  1818 | D:2      | Reached skill level 1 in Short Blades
  1965 | D:2      | Learned a level 2 spell: Blink
  1968 | D:2      | Learned a level 2 spell: Shroud of Golubria
  2005 | D:2      | Found a shadowy altar of Dithmenos.
  2029 | D:2      | Reached XP level 4. HP: 38/40 MP: 7/7
  2049 | D:2      | Found a stormy altar of Qazlal.
  2199 | D:2      | Noticed a sky beast
  2209 | D:2      | Killed a sky beast
  2209 | D:2      | Reached skill level 1 in Throwing
  2209 | D:2      | Reached skill level 1 in Stealth
  2209 | D:2      | Reached XP level 5. HP: 28/46 MP: 8/8
  2358 | D:2      | Found a bloodstained altar of Trog.
  2409 | D:2      | Learned a level 3 spell: Gell's Gravitas
  2452 | D:3      | Noticed kae's ghost (amateur NaTm)
  2573 | D:3      | HP: 1/46 [kae's ghost (5)]
  2574 | D:3      | Killed kae's ghost
  2574 | D:3      | Reached XP level 6. HP: 2/56 MP: 1/9
  3451 | D:3      | Found a sparkling altar of Nemelex Xobeh.
  3656 | D:4      | Noticed a phantom
  3656 | D:4      | Noticed a phantom
  4086 | D:4      | Found a radiant altar of Vehumet.
  4242 | D:4      | Reached XP level 7. HP: 62/62 MP: 10/10
  4249 | D:4      | Learned a level 3 spell: Teleport Other
  4796 | D:4      | Got a steaming silver ring
  4798 | D:4      | Identified the ring of Omunwo {Wiz Str+3 Int+3} (You found it on level 4 of the Dungeon)
  4855 | D:4      | Found a burning altar of Makhleb.
  4893 | D:5      | Entered Level 5 of the Dungeon
  4893 | D:5      | Noticed inc's ghost (novice OpCj)
  5675 | D:4      | Noticed Babolexy's ghost (amateur HOGl)
  6176 | D:3      | Became a worshipper of Nemelex Xobeh the Trickster
  6262 | D:5      | Received a gift from Nemelex Xobeh
  6280 | D:5      | Slain by an ice beast

Skill      XL: |  1  2  3  4  5  6  7 |
---------------+----------------------+-----
Armour         | 1 2 3 |  3.1
Dodging        | 2 |  2.7
Short Blades   | 1 2 3 |  3.0
Throwing       | 1 |  1.4
Stealth        | 1 3 |  3.7
Fighting       | 3 |  3.2
Maces & Flails | |  2.2
Spellcasting   | |  2.8
Charms         | |  0.3
Translocations | |  3.5

Action                   |  1- 3 |  4- 6 |  7- 9 || total
-------------------------+-------+-------+-------++-------
Melee: Mace              |    14 |       |       ||    14
       Short sword       |    50 |    80 |    70 ||   200
Throw: Tomahawk          |     5 |       |       ||     5
       Javelin           |       |     3 |     2 ||     5
 Cast: Shroud of Golubri |       |     4 |       ||     4
       Blink             |       |     7 |     2 ||     9
       Teleport Other    |       |       |     3 ||     3
       Gell's Gravitas   |       |       |     1 ||     1
 Abil: Spit Poison       |    18 |    19 |     8 ||    45
  Use: Scroll            |       |     1 |     5 ||     6
       Potion            |       |     1 |     1 ||     2
 Stab: Sleeping          |       |     3 |       ||     3
  Eat: Chunk             |     3 |     5 |     1 ||     9
       Ration            |       |     1 |     1 ||     2
Armor: Leather armour    |    21 |    33 |    10 ||    64
Dodge: Dodged            |    44 |    61 |    41 ||   146
